 Dungeon Crawl Stone Soup version 0.17.1-2-g5865329 (webtiles) character file.

615568 hannobal the Invulnerable (level 26, 207/261 HPs)
             Began as a Deep Dwarf Berserker on Feb 1, 2016.
             Was an Elder of Trog.
             Starved to death
             ... while paralysed
             ... on level 4 of the Realm of Zot on Feb 14, 2016.
             The game lasted 09:13:19 (75117 turns).

hannobal the Invulnerable (Deep Dwarf Berserker)   Turns: 75117, Time: 09:13:19

Health: 207/261    AC: 48    Str: 27    XL:     26   Next: 88%
Magic:  28/28      EV:  2    Int: 13    God:    Trog [****..]
Gold:   2035       SH:  0    Dex: 23    Spells: 0 memorised, 25 levels left

rFire  + . .     SeeInvis +     a - +9 lajatang (slice)
rCold  + . .     Clarity  .     p - +0 gold dragon armour
rNeg   + . .     SustAt   .     (shield currently unavailable)
rPois  +         Gourm    .     t - +2 hat
rElec  .         Spirit   .     W - +2 cloak of a treasure trove {MR+ Int+4 Dex+3}
rCorr  .         Warding  .     E - +2 pair of gloves {Dex+3}
rMut   .         Stasis   .     l - +1 pair of boots {run}
MR     ++++.                    P - amulet of faith
Stlth  ..........               m - ring of see invisible
                                o - ring of Robustness {AC+8}

@: paralysed, exhausted, fainting, non-regenerating, slowed, quick, incredibly
resistant to hostile enchantments, extremely unstealthy
A: damage resistance, recharge devices, beak, negative energy resistance 1,
sense surroundings 3, slow regeneration 3
a: Device Recharging, Berserk, Trog's Hand, Brothers in Arms, Burn Spellbooks,
Renounce Religion
}: 3/15 runes: barnacled, silver, gossamer


You were on level 4 of the Realm of Zot.
You worshipped Trog.
Trog was greatly pleased with you.
You were fainting.

You visited 10 branches of the dungeon, and saw 53 of its levels.
You visited 1 bazaar.
You visited 1 ziggurat, and saw 6 of its levels.
You also visited: Sewer, Ossuary, Ice Cave and Volcano.

You collected 7793 gold pieces.
You spent 5758 gold pieces at shops.

Inventory:

Hand Weapons
 a - a +9 lajatang of slicing (weapon)
 b - a +6 blowgun
 c - the +2 falchion of Pandemonium {drain, +Blink rPois MP+9 Str+2 Int+4}
   (You took it off a spriggan druid on level 3 of the Depths)

   A truly terrible weapon, it drains the life of those it strikes.
   It affects your strength (+2).
   It affects your intelligence (+4).
   It protects you from poison.
   It affects your magic capacity (+9).
   It lets you blink.
Missiles
 G - 22 poisoned javelins (quivered)
 I - 34 javelins of returning
 J - 17 needles of paralysis
 O - 9 curare-tipped needles
 S - 25 needles of confusion
 Z - 36 javelins of penetration
Armour
 f - a +2 pair of boots of flying
 l - a +1 pair of boots of running (worn)
 p - a +0 gold dragon armour (worn)
 t - a +2 hat (worn)
 E - a +2 pair of gloves of dexterity (worn)
 W - the +2 cloak of a treasure trove (worn) {MR+ Int+4 Dex+3}
   (You found it on level 3 of the Elven Halls)

   It affects your intelligence (+4).
   It affects your dexterity (+3).
   It affects your resistance to hostile enchantments.
Rods
 w - a +6 rod of destruction (13/13)
   (You found it on level 6 of a ziggurat)
 M - a -1 rod of ignition (13/13)
   (You bought it in a shop on level 3 of the Shoals)
Jewellery
 m - a ring of see invisible (right hand)
 n - the ring of Moronos {rElec rPois rF- EV+1 Int+2}
   (You took it off a deep elf master archer on level 3 of the Elven Halls)

   [ring of evasion]

   It affects your evasion (+1).
   It affects your intelligence (+2).
   It makes you vulnerable to fire.
   It insulates you from electricity.
   It protects you from poison.
 o - the ring of Robustness (left hand) {AC+8}
   (You took it off a deep elf blademaster on level 3 of the Elven Halls)

   [ring of protection]

   It affects your AC (+8).
 K - an uncursed amulet of resist corrosion
 L - an uncursed ring of protection from fire
 N - the ring "Mapt" {SustAt rC+ Stlth+}
   (You found it on level 2 of the Depths)

   [ring of sustain attributes]

   It sustains your strength, intelligence and dexterity.
   It protects you from cold.
   It makes you more stealthy.
 P - an amulet of faith (around neck)
 Q - an uncursed ring of protection from fire
 T - the ring of Biaricae {+/*Tele MR+ Dex+2}
   (You took it off an ogre mage on level 5 of the Depths)

   [ring of teleportation]

   It may teleport you next to monsters, and can be evoked to randomly teleport.
   It affects your dexterity (+2).
   It affects your resistance to hostile enchantments.
Wands
 h - a wand of heal wounds (2)
 k - a wand of digging (11)
 s - a wand of disintegration (12)
 H - a wand of teleportation (5)
Scrolls
 g - 5 scrolls of blinking
 i - 11 scrolls of identify
 j - 5 scrolls of fear
 r - 13 scrolls of remove curse
 y - 20 scrolls of teleportation
 B - a scroll of holy word
 D - 2 scrolls of silence
 U - 4 scrolls of fog
 Y - 8 scrolls of magic mapping
Potions
 e - 3 potions of might
 u - a potion of heal wounds
 x - a potion of haste
 F - 12 potions of curing
 R - 7 potions of cancellation
 X - 7 potions of agility
Miscellaneous
 q - a phantom mirror
 v - a fan of gales
 A - a lamp of fire (inert)
Comestibles
 d - 15 bread rations
 C - 5 chunks of flesh
 V - 22 meat rations


   Skills:
 - Level 20.0 Fighting
 - Level 10.6(13.5) Maces & Flails
 - Level 13.0(14.1) Staves
 - Level 20.0 Throwing
 O Level 27 Armour
 + Level 19.6 Dodging
   Level 5.0 Shields
 - Level 17.0 Evocations


You had 25 spell levels left.
You didn't know any spells.

Dungeon Overview and Level Annotations

Branches:
Dungeon (15/15)            Temple (1/1) D:6            Lair (8/8) D:9
 Shoals (4/4) Lair:4       Spider (4/4) Lair:4        Slime (0/6) Lair:7
    Orc (4/4) D:12            Elf (3/3) Orc:4        Vaults (5/5) D:13
  Crypt (0/3) Vaults:2     Depths (5/5) D:15            Zot (4/5) Depths:5

Altars:
Ashenzari
Dithmenos
Gozag
Makhleb
Nemelex Xobeh
Okawaru
Sif Muna
Trog
Vehumet
Yredelemnul
Zin
Beogh
Jiyva

Shops:
D:6 =   D:12 [   D:13 ?   Orc:4 !([(   Elf:3 *   Shoals:3 }   Vaults:2 [*
Vaults:3 (   Depths:1 =   Depths:2 (   Depths:3 (

Portals:
Hell: Depths:1 Depths:2 Depths:3 Depths:4 Depths:5
Abyss: Depths:1 Depths:4 Depths:5
Pandemonium: Depths:2 Depths:3 Depths:4 Depths:5

Annotations:
D:7 exclusion: upstairs
Shoals:1 exclusion: oklob plant
Orc:3 exclusion: door


Innate Abilities, Weirdness & Mutations

You are resistant to damage.
You can recharge devices by infusing magical energy.
You resist negative energy.
You passively map a large area around you.
You do not regenerate naturally.
You have a beak for a mouth.


Message History

The death cob is severely damaged.
The death cob hits you!!
You feel slightly more hungry. The death cob misses you.
The death cob hits you.
You feel slightly more hungry.
You miss the death cob.
The death cob is severely damaged.
The death cob hits you.
You feel slightly more hungry. The death cob hits you.
You feel slightly more hungry. The death cob completely misses you.
You barely miss the death cob.
The death cob is severely damaged.
The death cob completely misses you. The death cob barely misses you.
You slash the death cob!
The death cob is severely damaged.
You lose consciousness!
The death cob hits you!
You feel slightly more hungry. The death cob hits you.
You feel slightly more hungry. The death cob hits you!
You feel slightly more hungry. The death cob hits you.
You feel slightly more hungry. The death cob hits you.
The death cob hits you. x3
You have starved to death.
You die...

#....................)..######*
#............###.....)<(.....#
* #.....########
#......#..###.# , #######
#.............# *
#..........####* *
#................
#####...........#####
#...............# *
#....@.....##..... * ,
#...z..#########.#. , *
#....).# ** .... , , * #.(.(...
* #..,* , #....[... , , , ,,
....(...... , , ,
,............., .....(.#......,
* * * * , , , ,


You could see a death cob.

Vanquished Creatures
  An ancient lich (Vaults:5)
  Mara (Depths:4)
  2 juggernauts
  Boris (Depths:3)
  Frederick (Depths:4)
  The ghost of WereVolvo the Wrestler, a veteran TrAs of Cheibriados (Depths:2)
  4 curse toes
  2 Killer Klowns
  A golden dragon (shapeshifter) (Vaults:4)
  8 golden dragons
  the Enchantress (Depths:3)
  Arachne (Spider:1)
  15 tentacled monstrosities
  5 liches
  4 titans
  A quicksilver dragon (Vaults:4)
  The ghost of emiel the Shatterer, an adept OgFi of Cheibriados (Shoals:4)
  2 deep elf blademasters (Elf:3)
  2 deep elf master archers (Elf:3)
  8 sphinxes
  An acid blob (Zig:5)
  A thorn hunter (Depths:3)
  7 death cobs
  An eldritch tentacle (Depths:5)
  2 krakens (Shoals:1)
  12 storm dragons
  Agnes (Spider:3)
  The ghost of simples the Warrior, an adept MiBe of Trog (Elf:1)
  Kirke (Lair:8)
  An azure jelly (shapeshifter) (Zig:6)
  9 shadow dragons
  2 azure jellies
  2 draconian monks
  10 tengu reavers
  9 vault wardens
  Ilsuiw (Shoals:4)
  7 frost giants
  2 draconian knights
  10 fire giants
  6 draconian scorchers
  10 deep elf sorcerers
  4 orc warlords
  8 ghost moths
  Louise (Depths:1)
  4 iron dragons
  4 draconian shifters
  4 draconian zealots
  A ghoul (Vaults:2)
  5 emperor scorpions
  2 balrugs
  18 ironheart preservers
  A draconian annihilator (Zot:2)
  17 very ugly things
  3 spriggan defenders (Depths:3)
  5 draconian callers
  24 stone giants
  4 green draconians
  2 war gargoyles (Vaults:5)
  A salamander firebrand (Depths:5)
  7 yellow draconians
  8 deep elf annihilators
  4 black draconians
  19 deep elf demonologists
  A dire elephant (Vaults:4)
  3 salamander stormcallers
  7 mottled draconians
  3 vampire knights
  4 purple draconians
  6 white draconians
  3 red draconians
  A chaos champion (Zig:6)
  24 ettins
  8 merfolk javelineers
  6 deep elf death magi
  22 fire dragons
  An eidolon (Vaults:2)
  An ettin (shapeshifter) (Vaults:4)
  39 vault guards
  A minotaur (shapeshifter) (Vaults:4)
  10 entropy weavers
  8 merfolk impalers
  9 deep elf high priests
  A jiangshi (Vaults:2)
  A blizzard demon (Depths:4)
  25 ogre magi
  18 yaktaur captains
  Fannar (Lair:3)
  The ghost of emiel the Carver, a journeyman CeFi of Cheibriados (Lair:2)
  6 rakshasas
  Harold (Lair:2)
  12 great orbs of eyes
  8 ice dragons
  An entropy weaver (shapeshifter) (Vaults:3)
  11 hydras
  5 merfolk aquamancers
  A monstrous demonspawn (Depths:2)
  An alligator snapping turtle (Shoals:1)
  2 catoblepae
  Erica (D:11)
  13 centaur warriors
  5 spriggan air magi
  5 merfolk avatars
  5 satyrs
  16 dancing weapons
  3 deep troll earth magi
  A queen ant (Lair:8)
  A queen ant (shapeshifter) (Vaults:4)
  7 tengu warriors
  A shock serpent (Depths:5)
  5 deep troll shamans
  4 orc high priests
  3 sun demons
  The ghost of kaze the Ducker, a novice TrBe of Trog (D:9)
  15 deep elf knights
  A salamander mystic (Depths:5)
  6 spriggan berserkers
  Nergalle (Lair:2)
  A storm dragon zombie (Vaults:3)
  4 wizards
  3 skeletal warriors (D:11)
  2 small abominations (Elf:1)
  3 shadow wraiths
  A death drake (Depths:5)
  A fire crab (Vaults:2)
  15 sea snakes
  A spriggan druid (Depths:3)
  2 soul eaters
  A ball lightning (Depths:5)
  A death scarab (Zig:2)
  2 iron trolls
  25 deep trolls
  An unseen horror (shapeshifter) (Elf:1)
  3 flayed ghosts
  2 shambling mangroves (Depths:3)
  9 deep elf summoners
  3 giant orange brains
  A shadow demon (Depths:2)
  2 obsidian statues
  A shadow dragon zombie (Vaults:5)
  26 harpies
  5 unseen horrors
  Pikel (D:5)
  6 phantasmal warriors
  21 ironbrand convokers
  A lindwurm (shapeshifter) (Vaults:3)
  A giant orange brain (shapeshifter) (Vaults:3)
  A wolf spider (shapeshifter) (Vaults:5)
  A tengu zombie (Vaults:5)
  12 orb spiders
  10 orc knights
  23 deep elf conjurers
  A manticore (shapeshifter) (Vaults:4)
  10 hill giants
  42 wolf spiders
  9 griffons
  A tengu skeleton (Vaults:5)
  3 necromancers
  10 cyclopes
  8 manticores
  A stone giant zombie (Vaults:3)
  75 ugly things
  A shining eye (Zig:5)
  A salamander (shapeshifter) (Vaults:5)
  A cyclops (shapeshifter) (Vaults:4)
  6 water nymphs
  2 mana vipers (Depths:5)
  A sixfirhy (Depths:2)
  21 moths of wrath
  A guardian serpent (Vaults:3)
  24 elephants
  2 human skeletons (Vaults:3)
  8 hornets
  4 salamanders (Depths:5)
  5 orc sorcerers
  Maurice (Orc:1)
  A frost giant skeleton (Vaults:5)
  12 sirens
  An octopode (shapeshifter) (Vaults:4)
  3 centaur zombies
  Joseph (D:8)
  5 fauns
  4 black mambas
  2 naga magi (Depths:5)
  3 ice statues
  11 vault sentinels
  A torpor snail (shapeshifter) (Depths:3)
  2 torpor snails
  3 gargoyles
  2 human zombies
  A redback zombie (D:15)
  2 apocalypse crabs (Zig:6)
  9 demonic crawlers
  56 yaktaurs
  14 spiny frogs
  An efreet (D:14)
  7 komodo dragons
  2 guardian mummies (Zig:2)
  2 kobold demonologists (D:12)
  16 deep elf priests
  2 fire drakes
  A komodo dragon (shapeshifter) (D:15)
  40 jumping spiders
  13 freezing wraiths
  4 red devils
  2 hellwings
  4 tengu conjurers
  10 polar bears
  A jumping spider (shapeshifter) (Vaults:4)
  A merfolk (shapeshifter) (Vaults:4)
  3 wind drakes
  8 trolls
  The ghost of kraktruk the Magician, an amateur DsCj of Vehumet (D:3)
  11 boulder beetles
  30 merfolk
  Prince Ribbit (Lair:2)
  19 slime creatures
  9 snapping turtles
  17 blink frogs
  4 air elementals
  A giant leech (shapeshifter) (Vaults:5)
  3 raiju
  32 two-headed ogres
  34 trapdoor spiders
  59 redbacks
  A spriggan (Depths:3)
  29 deep elf magi
  22 tarantellas
  2 hogs
  4 humans
  2 shadows
  5 wraiths
  A fire bat (shapeshifter) (Vaults:3)
  4 fire bats (Volcano)
  A wyvern (shapeshifter) (Depths:2)
  16 water elementals
  39 deep elf fighters
  4 wyverns
  A golden eye (shapeshifter) (Vaults:1)
  4 mottled dragons
  A basilisk (shapeshifter) (Vaults:3)
  3 steam dragons
  9 basilisks
  15 wargs
  2 chaos spawn
  A harpy simulacrum (Depths:5)
  21 wolves
  29 yaks
  A soldier ant (shapeshifter) (Elf:1)
  14 vampire mosquitoes
  13 hippogriffs
  2 spatial vortices (Depths:5)
  A hungry ghost (D:8)
  2 death yak simulacra (IceCv)
  3 insubstantial wisps (Depths:5)
  20 water moccasins
  9 soldier ants
  17 porcupines
  4 hell hounds (Lair:8)
  A black bear (shapeshifter) (Vaults:1)
  An eye of draining (shapeshifter) (Vaults:5)
  8 sky beasts
  3 swamp drakes (Lair:8)
  9 ice beasts
  12 black bears (Lair:8)
  7 boggarts
  24 spiders
  A hydra simulacrum (Depths:5)
  An alligator simulacrum (IceCv)
  A fire dragon simulacrum (Depths:5)
  3 black mamba simulacra (Depths:5)
  25 centaurs
  81 ogres
  54 orc warriors
  2 eyes of draining
  4 phantoms
  12 crocodiles
  6 wasps (Depths:3)
  4 big kobolds
  A crocodile (shapeshifter) (Vaults:5)
  27 giant frogs
  2 earth elementals (Depths:5)
  A swamp dragon simulacrum (IceCv)
  7 killer bees
  3 scorpions
  An elephant simulacrum (Depths:5)
  A human simulacrum (Vaults:2)
  2 electric eels (Spider:1)
  6 wights
  A vampire bat (Depths:5)
  5 lava snakes (Volcano)
  4 draconian simulacra (IceCv)
  3 quasits
  3 giant frog zombies
  4 crimson imps
  8 jellies
  32 orc priests
  23 hounds
  44 orc wizards
  4 centaur skeletons
  6 troll simulacra
  12 iguanas
  2 spriggan simulacra (IceCv)
  An elf simulacrum (Vaults:2)
  30 sheep
  23 worker ants
  A killer bee zombie (D:9)
  2 big kobold zombies (Ossuary)
  4 centaur simulacra
  3 hound zombies
  A hound skeleton (D:9)
  8 mummies
  3 naga simulacra (IceCv)
  A worker ant zombie (D:11)
  Robin (D:2)
  4 gnolls (D:8)
  2 ogre simulacra (IceCv)
  65 river rats
  6 shadow imps
  14 white imps
  15 adders
  2 ufetubi (Depths:2)
  2 oozes
  An adder zombie (Ossuary)
  An adder skeleton (D:4)
  3 worms
  7 giant geckos
  251 orcs
  4 ball pythons
  6 bats
  6 giant cockroaches
  4 gnoll zombies (Ossuary)
  16 goblins
  15 hobgoblins
  21 jackals
  25 kobolds
  A quokka (D:9)
  A giant cockroach zombie (D:6)
  2 giant gecko skeletons
  5 giant newts
  2 goblin zombies (Ossuary)
  A hobgoblin zombie (Ossuary)
  A quokka skeleton (D:6)
  12 rats
  4 fungi
  7 plants
  9 tentacles (Shoals:1)
2907 creatures vanquished.

Vanquished Creatures (collateral kills)
  A death cob (Zot:2)
  A sphinx (Vaults:2)
  A frost giant (Vaults:3)
  An ironheart preserver (Vaults:2)
  A mottled draconian (Zot:3)
  A deep elf annihilator (Elf:3)
  A catoblepas (Vaults:3)
  A dancing weapon (Elf:2)
  A skeletal warrior (D:11)
  An ugly thing (Depths:3)
  2 moths of wrath
  A vault sentinel (Vaults:2)
  A snapping turtle (shapeshifter) (Vaults:2)
  A deep elf mage (Elf:1)
  2 tarantellas (Spider:3)
  A spider (Spider:3)
  An orc priest (Orc:3)
  2 orcs (Orc:3)
21 creatures vanquished.

Vanquished Creatures (others)
  A death cob (Zot:3)
  An azure jelly (Depths:5)
  A vault warden (Vaults:5)
  2 draconian scorchers
  A spriggan defender (Depths:3)
  A white draconian (Zot:3)
  3 vault guards (Vaults:5)
  2 centaur warriors
  A wizard (Depths:5)
  A deep troll (Vaults:5)
  3 ball lightnings (Depths:5)
  A wolf spider (Spider:2)
  A naga mage (Depths:5)
  A hellwing (Depths:5)
  4 yaktaurs
  A jumping spider (Spider:4)
  A deep elf mage (Elf:3)
  A human (Lair:8)
  An orc warrior (Vaults:5)
  2 ogres (Depths:2)
  A boggart (Vaults:1)
  An iguana (Lair:8)
  2 orc priests (Orc:3)
  A worker ant (Lair:8)
  A centaur simulacrum (IceCv)
  A worker ant zombie (D:5)
  A goblin (D:2)
  2 jackals (Lair:8)
  935 eldritch tentacle segments (Depths:5)
  15 fungi
  26 plants
  27 tentacles (Shoals:1)
  806 tentacle segments (Shoals:1)
1849 creatures vanquished.

Grand Total: 4777 creatures vanquished

Notes
Turn   | Place    | Note
--------------------------------------------------------------
     0 | D:1      | hannobal the Deep Dwarf Berserker began the quest for the Orb.
     0 | D:1      | Reached XP level 1. HP: 20/20 MP: 1/1
   203 | D:1      | Reached XP level 2. HP: 20/27 MP: 2/2
   635 | D:1      | Reached skill level 4 in Maces & Flails
  1163 | D:2      | Reached ** piety under Trog
  1205 | D:1      | Reached XP level 3. HP: 29/33 MP: 3/3
  1328 | D:2      | Noticed Robin
  1366 | D:2      | Killed Robin
  1569 | D:2      | Reached XP level 4. HP: 33/40 MP: 4/4
  1578 | D:2      | Reached skill level 5 in Maces & Flails
  2260 | D:3      | Found a sparkling altar of Nemelex Xobeh.
  2322 | D:3      | Reached *** piety under Trog
  2799 | D:3      | Noticed kraktruk's ghost (amateur DsCj)
  2807 | D:3      | Killed kraktruk's ghost
  2807 | D:3      | Reached skill level 7 in Maces & Flails
  2807 | D:3      | Reached XP level 5. HP: 26/46 MP: 5/5
  2807 | D:3      | Reached XP level 6. HP: 31/55 MP: 6/6
  3102 | D:4      | Found a sand-covered staircase.
  3114 | Ossuary  | Entered an ossuary
  3139 | Ossuary  | Reached skill level 8 in Maces & Flails
  3143 | Ossuary  | Reached XP level 7. HP: 61/61 MP: 7/7
  3561 | D:4      | Found a shadowy altar of Dithmenos.
  4337 | D:5      | Entered Level 5 of the Dungeon
  4475 | D:5      | Noticed Pikel
  4484 | D:5      | Killed Pikel
  4484 | D:5      | Reached skill level 10 in Maces & Flails
  4484 | D:5      | Reached XP level 8. HP: 62/68 MP: 8/8
  4851 | D:5      | Reached skill level 1 in Staves
  5072 | D:6      | Found Tufibire's Jewellery Emporium.
  5081 | D:6      | Bought an uncursed ring of poison resistance for 300 gold pieces
  5183 | D:6      | Found a glowing drain.
  5193 | Sewer    | Entered a sewer
  5336 | Sewer    | Found a white marble altar of Elyvilon.
  5760 | D:6      | Reached skill level 5 in Staves
  5938 | D:6      | Found a staircase to the Ecumenical Temple.
  5950 | D:6      | Gained mutation: You passively map the area around you. [Deep Dwarf growth]
  5950 | D:6      | Reached XP level 9. HP: 58/74 MP: 9/9
  6281 | D:7      | Reached skill level 1 in Evocations
  6317 | Temple   | Entered the Ecumenical Temple
  6501 | D:7      | Got a brightly glowing ring mail
  6502 | D:7      | Identified the +4 ring mail of Altruism {rF+++ MR+ MP+9 Dex-2} (You found it on level 7 of the Dungeon)
  6733 | D:6      | Found a burning altar of Makhleb.
  6745 | D:7      | Found a glowing silver altar of Zin.
  6963 | D:7      | Reached skill level 5 in Evocations
  7074 | D:7      | Found an opulent altar of Gozag.
  7074 | D:7      | Found a basalt altar of Yredelemnul.
  8117 | D:8      | Found an iron altar of Okawaru.
  8214 | D:8      | Noticed Joseph
  8227 | D:8      | Killed Joseph
  8227 | D:8      | Reached XP level 10. HP: 51/81 MP: 13/13
  8690 | D:9      | Noticed kaze's ghost (novice TrBe)
  9112 | D:9      | Killed kaze's ghost
  9260 | D:9      | Found a staircase to the Lair.
  9355 | D:9      | Found a shattered altar of Ashenzari.
  9364 | D:9      | Found a deep blue altar of Sif Muna.
  9741 | Lair:1   | Entered Level 1 of the Lair of Beasts
  9771 | D:9      | Reached skill level 10 in Staves
 10432 | Lair:1   | Reached skill level 11 in Staves
 10548 | Lair:1   | Noticed a five-headed hydra
 10559 | Lair:1   | Killed a five-headed hydra
 10809 | Lair:2   | Reached XP level 11. HP: 65/88 MP: 14/14
 10901 | Lair:2   | Noticed Harold
 10912 | Lair:2   | Noticed Prince Ribbit
 10913 | Lair:2   | Noticed emiel's ghost (journeyman CeFi)
 10917 | Lair:2   | Killed Harold
 10917 | Lair:2   | Reached skill level 12 in Staves
 11371 | D:6      | Bought an uncursed ring of protection from cold for 375 gold pieces
 11525 | Lair:2   | Killed Prince Ribbit
 11538 | Lair:2   | Killed emiel's ghost
 11668 | Lair:2   | Reached skill level 13 in Staves
 11974 | Lair:2   | Noticed a five-headed hydra
 11988 | Lair:2   | Killed a five-headed hydra
 11988 | Lair:2   | Reached skill level 5 in Fighting
 12126 | Lair:2   | Noticed Nergalle
 12407 | Lair:2   | Noticed a four-headed hydra
 12422 | Lair:2   | Killed a four-headed hydra
 12526 | Lair:2   | Killed Nergalle
 12526 | Lair:2   | Reached XP level 12. HP: 69/109 MP: 15/15
 12592 | Lair:2   | Noticed a seven-headed hydra
 12602 | Lair:2   | Killed a seven-headed hydra
 12842 | Lair:3   | Noticed Fannar
 12909 | Lair:3   | Found a dark tunnel.
 12933 | Volcano  | Entered a volcano
 12988 | Volcano  | Reached skill level 5 in Armour
 13086 | Volcano  | Noticed an ogre mage
 13097 | Volcano  | Killed an ogre mage
 13116 | Volcano  | Found a radiant altar of Vehumet.
 13494 | Lair:3   | Killed Fannar
 13977 | Lair:4   | Noticed a six-headed hydra
 14022 | Lair:4   | Killed a one-headed hydra
 14133 | Lair:4   | Reached skill level 5 in Dodging
 14144 | Lair:4   | Reached skill level 1 in Throwing
 14332 | Lair:4   | Found a hole to the Spider Nest.
 14806 | Lair:4   | Reached skill level 5 in Throwing
 14831 | Lair:4   | Reached XP level 13. HP: 83/115 MP: 16/16
 14833 | Lair:4   | Found a staircase to the Shoals.
 16404 | Lair:6   | Received a gift from Trog
 16426 | Lair:6   | Reached skill level 10 in Armour
 16857 | Lair:6   | Reached **** piety under Trog
 17729 | Lair:7   | Found a staircase to the Slime Pits.
 17729 | Lair:7   | Found a viscous altar of Jiyva.
 17768 | Lair:7   | Received a gift from Trog
 17972 | Lair:7   | Received a gift from Trog
 18509 | Lair:8   | Entered Level 8 of the Lair of Beasts
 18590 | Lair:7   | Reached skill level 10 in Fighting
 18605 | Lair:8   | Got a fine mace
 18629 | Lair:8   | Gained mutation: You resist negative energy. [Deep Dwarf growth]
 18629 | Lair:8   | Reached XP level 14. HP: 80/132 MP: 17/17
 18643 | Lair:7   | Identified the cursed +1 mace "Kelox" {drain, rF+ rN+ Dex-2 SInv} (You found it on level 8 of the Lair of Beasts)
 18755 | Lair:8   | Received a gift from Trog
 19147 | Lair:8   | Got a twitching granite ring
 19148 | Lair:8   | Identified the ring of Efruolineb {SustAt rC- rN++ Slay+5} (You found it on level 8 of the Lair of Beasts)
 19302 | Lair:8   | Noticed Kirke
 19318 | Lair:8   | Killed Kirke
 19756 | Lair:8   | Reached ***** piety under Trog
 19819 | Lair:8   | Reached skill level 14 in Armour
 20058 | Lair:8   | Received a gift from Trog
 20405 | D:10     | Entered Level 10 of the Dungeon
 21124 | D:11     | Noticed Erica
 21126 | D:11     | Got a crude hand axe
 21131 | D:11     | Killed Erica
 21131 | D:11     | Received a gift from Trog
 21294 | D:10     | Received a gift from Trog
 21307 | D:10     | Identified the +1 hand axe "Qikahed" {chop, rN+} (You found it on level 11 of the Dungeon)
 21724 | D:11     | Received a gift from Trog
 21989 | D:12     | Found a staircase to the Orcish Mines.
 21989 | D:12     | Found Keatto's Armour Shoppe.
 22098 | D:12     | Received a gift from Trog
 22302 | D:12     | Reached XP level 15. HP: 67/144 MP: 18/18
 22621 | Orc:1    | Entered Level 1 of the Orcish Mines
 22628 | Orc:1    | Received a gift from Trog
 22733 | Orc:1    | Noticed Maurice
 22744 | Orc:1    | Killed Maurice
 24009 | Orc:2    | Received a gift from Trog
 24907 | Orc:3    | Found a deep blue altar of Sif Muna.
 25028 | Orc:4    | Entered Level 4 of the Orcish Mines
 25028 | Orc:4    | Found a staircase to the Elven Halls.
 25035 | Orc:4    | Found a frozen archway.
 25048 | IceCv    | Entered an ice cave
 25289 | IceCv    | Found an ancient bone altar of Kikubaaqudgha.
 25311 | IceCv    | Received a gift from Trog
 26409 | Lair:2   | Reached skill level 10 in Dodging
 26651 | Orc:4    | Found a roughly hewn altar of Beogh.
 26708 | Orc:4    | Found Agoeckos's Distillery.
 26750 | Orc:4    | Found a roughly hewn altar of Beogh.
 26846 | Orc:4    | Found a roughly hewn altar of Beogh.
 26872 | Orc:4    | Found Oweopteg's Weapon Emporium.
 27010 | Orc:4    | Found a roughly hewn altar of Beogh.
 27397 | Orc:4    | Received a gift from Trog
 27438 | Orc:4    | Found Azatebeu's Antique Weapon Boutique.
 27439 | Orc:4    | Found a roughly hewn altar of Beogh.
 27443 | Orc:4    | Found Ciuffusk's Antique Armour Shop.
 27461 | Orc:4    | Bought a fine leather armour for 224 gold pieces
 27461 | Orc:4    | Bought a runed cloak for 144 gold pieces
 27485 | Orc:4    | Identified the cursed +1 leather armour of the Sailor {rC+ Str-2 Dex+4 SInv} (You bought it in a shop on level 4 of the Orcish Mines)
 27502 | Orc:4    | Bought a blackened war axe for 238 gold pieces
 27504 | Orc:4    | Identified the +8 war axe "Goblin's Regret" {antimagic, rElec rPois rF++ Int-3} (You bought it in a shop on level 4 of the Orcish Mines)
 27670 | Orc:4    | Bought a potion of beneficial mutation for 525 gold pieces
 27670 | Orc:4    | Bought a potion of beneficial mutation for 525 gold pieces
 27670 | Orc:4    | Bought a potion of curing for 45 gold pieces
 27670 | Orc:4    | Bought a potion of haste for 150 gold pieces
 27670 | Orc:4    | Bought a potion of heal wounds for 75 gold pieces
 27670 | Orc:4    | Bought a potion of curing for 45 gold pieces
 27670 | Orc:4    | Bought a potion of cancellation for 120 gold pieces
 27670 | Orc:4    | Gained mutation: You have a beak for a mouth. [potion of beneficial mutation]
 27671 | Orc:4    | Gained mutation: Your spells are a little harder to cast, but a little more powerful. [potion of beneficial mutation]
 28131 | D:13     | Found a gate to the Vaults.
 28372 | D:13     | Found Ociwij's Magic Scroll Shoppe.
 28788 | D:14     | Received a gift from Trog
 29052 | D:14     | Reached XP level 16. HP: 143/152 MP: 19/19
 29169 | D:14     | Reached skill level 15 in Armour
 29513 | D:14     | Got a transparent hunting sling
 29514 | D:14     | Identified the +9 hunting sling of Checks and Balances {venom, Str+6} (You found it on level 14 of the Dungeon)
 29550 | D:15     | Entered Level 15 of the Dungeon
 29858 | D:15     | Found a staircase to the Depths.
 29881 | D:15     | Reached skill level 10 in Throwing
 30135 | D:15     | Identified a scroll of acquirement
 30868 | Spider:1 | Entered Level 1 of the Spider Nest
 30877 | Spider:1 | Reached skill level 1 in Shields
 31431 | Spider:1 | Reached skill level 5 in Shields
 32054 | Spider:1 | Received a gift from Trog
 32115 | Spider:2 | Noticed Arachne
 32142 | Spider:1 | Killed Arachne
 32979 | Spider:3 | Noticed Agnes
 32990 | Spider:3 | Killed Agnes
 33385 | Spider:3 | Reached XP level 17. HP: 143/163 MP: 21/21
 33483 | Spider:3 | Received a gift from Trog
 33657 | Spider:4 | Entered Level 4 of the Spider Nest
 34253 | Spider:4 | Received a gift from Trog
 34687 | D:6      | Bought an uncursed amulet of resist corrosion for 300 gold pieces
 35025 | Spider:4 | Reached skill level 10 in Evocations
 35952 | Spider:4 | Received a gift from Trog
 36044 | Spider:4 | Got a gossamer rune of Zot
 36484 | Shoals:1 | Entered Level 1 of the Shoals
 36646 | Shoals:1 | Found a bloodstained altar of Trog.
 36750 | Shoals:1 | Received a gift from Trog
 36862 | Shoals:1 | Reached skill level 16 in Armour
 37713 | Shoals:2 | Gained mutation: You passively map a large area around you. [Deep Dwarf growth]
 37713 | Shoals:2 | Reached XP level 18. HP: 144/171 MP: 26/26
 38013 | Elf:1    | Entered Level 1 of the Elven Halls
 38642 | Elf:1    | Received a gift from Trog
 38752 | Elf:1    | Noticed simples's ghost (adept MiBe)
 38792 | Elf:1    | Killed simples's ghost
 39325 | Elf:2    | Received a gift from Trog
 39406 | Elf:2    | Found a runed door.
 39429 | Elf:2    | Found a runed door.
 39791 | Elf:3    | Entered Level 3 of the Elven Halls
 40028 | Elf:3    | Found Fekh's Fabulous Fripperies.
 40039 | Elf:3    | Bought a potion of flight for 51 gold pieces
 40044 | Elf:3    | Got a translucent greatsling
 40045 | Elf:3    | Identified the +1 greatsling "Pyssak" {speed, rC+ Str+3} (You acquired it on level 3 of the Elven Halls)
 40459 | Elf:3    | Received a gift from Trog
 40557 | Elf:3    | Got a slimy trident {elec}
 40568 | Elf:3    | Received a gift from Trog
 40595 | Elf:3    | Got a clouded iron ring
 40607 | Elf:3    | Identified the ring of Moronos {rElec rPois rF- EV+1 Int+2} (You took it off a deep elf master archer on level 3 of the Elven Halls)
 40619 | Elf:3    | Identified the +2 trident of Hieran {elec, *Drain rElec rF+ Int+2} (You took it off a deep elf summoner on level 3 of the Elven Halls)
 40634 | Elf:3    | Got a twitching silver ring
 40636 | Elf:3    | Identified the ring of Nusmosag {MP+9 Int+3 Stlth+} (You took it off a deep elf fighter on level 3 of the Elven Halls)
 40701 | Elf:3    | Reached skill level 17 in Armour
 40919 | Elf:2    | Received a gift from Trog
 41098 | Elf:3    | Received a gift from Trog
 41100 | Elf:3    | Reached XP level 19. HP: 182/182 MP: 28/28
 41350 | Elf:3    | Got a smoking mace {venom}
 41359 | Elf:3    | Identified the +10 mace of Darkness {venom, +Rage} (You took it off a deep elf high priest on level 3 of the Elven Halls)
 41395 | Elf:3    | Reached skill level 18 in Armour
 41578 | Elf:3    | Received a gift from Trog
 41601 | Elf:3    | Identified the Incunabulum of Ice
 41608 | Elf:3    | Got an ichor-stained cloak
 41619 | Elf:3    | Identified the +2 cloak of a treasure trove {MR+ Int+4 Dex+3} (You found it on level 3 of the Elven Halls)
 41711 | Elf:3    | Got a twisted greatsling
 41712 | Elf:3    | Identified the +6 greatsling of Jonumig {freeze, Str+2 Dex+2 Stlth+} (You found it on level 3 of the Elven Halls)
 41949 | Elf:2    | Received a gift from Trog
 43782 | Shoals:3 | Received a gift from Trog
 44267 | Shoals:3 | Found Xuuh's Gadget Emporium.
 44295 | Shoals:3 | Bought a -3 rod of ignition (11/11) for 650 gold pieces
 44472 | Shoals:4 | Entered Level 4 of the Shoals
 44547 | Shoals:4 | Noticed Ilsuiw
 44586 | Shoals:4 | Noticed emiel's ghost (adept OgFi)
 45223 | Shoals:4 | Got a slimy whip
 45224 | Shoals:4 | Identified the +3 whip of Quantum Leap {holy, MR+} (You found it on level 4 of the Shoals)
 45350 | Shoals:4 | Killed Ilsuiw
 45350 | Shoals:4 | Reached skill level 19 in Armour
 45646 | Shoals:4 | Killed emiel's ghost
 45728 | Shoals:4 | Reached XP level 20. HP: 157/190 MP: 30/30
 46061 | Shoals:4 | Got a barnacled rune of Zot
 46468 | Vaults:1 | Entered Level 1 of the Vaults
 46980 | Vaults:1 | Reached skill level 20 in Armour
 47337 | Vaults:1 | Got an ancient plate armour
 47348 | Vaults:1 | Identified the +8 plate armour "Sufaur" {SInv} (You found it on level 1 of the Vaults)
 47896 | Vaults:1 | Reached skill level 15 in Evocations
 48013 | Vaults:1 | Received a gift from Trog
 49012 | Vaults:2 | Found a glowing silver altar of Zin.
 49283 | Vaults:2 | Reached skill level 15 in Dodging
 49389 | Vaults:2 | Found a staircase to the Crypt.
 49576 | Vaults:2 | Received a gift from Trog
 49579 | Vaults:2 | Found Dawiozuhi's General Store.
 49634 | Vaults:2 | Bought a potion of curing for 42 gold pieces
 49830 | Vaults:2 | Received a gift from Trog
 50154 | Vaults:2 | Found Xovuz's Armour Boutique.
 50160 | Vaults:2 | Reached skill level 15 in Fighting
 50208 | Vaults:2 | Bought a +2 pair of boots for 231 gold pieces
 50627 | Vaults:3 | Reached XP level 21. HP: 187/201 MP: 32/32
 50881 | Vaults:3 | Received a gift from Trog
 50905 | Vaults:3 | Reached skill level 15 in Throwing
 51008 | Vaults:3 | Found Papith's Antique Weapon Emporium.
 51636 | Vaults:3 | Received a gift from Trog
 51874 | Vaults:3 | Gained mutation: You tend to lose your temper in combat. [a cacodemon]
 52041 | Vaults:3 | Received a gift from Trog
 52599 | Vaults:4 | Found a flickering gateway to a bazaar.
 52621 | Bazaar   | Entered a bazaar
 52635 | Bazaar   | Found Cyajaun's Antique Armour Emporium.
 52635 | Bazaar   | Found Tomadyr's Book Shoppe.
 52656 | Bazaar   | Found Wiofih's Assorted Antiques.
 52671 | Bazaar   | Found Iketh's Food Emporium.
 52671 | Bazaar   | Found Foejahen's Antique Weapon Shoppe.
 52692 | Bazaar   | Found Mealioh's Food Emporium.
 52692 | Bazaar   | Found Poovys's Antique Armour Shoppe.
 52769 | Bazaar   | Bought a manual of Armour for 993 gold pieces
 52783 | Bazaar   | Bought a pair of embroidered boots for 148 gold pieces
 52783 | Bazaar   | Bought a scroll labeled DIFUEXKAMU for 33 gold pieces
 52783 | Bazaar   | Bought a curved lead wand for 132 gold pieces
 52783 | Bazaar   | Bought an iron wand for 132 gold pieces
 52794 | Bazaar   | Identified a +0 pair of boots of running (You bought it in a shop in a bazaar)
 53807 | Vaults:4 | Reached skill level 21 in Armour
 54335 | Vaults:4 | Reached skill level 22 in Armour
 54495 | Vaults:4 | Received a gift from Trog
 54828 | Depths:1 | Entered Level 1 of the Depths
 54980 | Depths:1 | Found a one-way gate to the infinite horrors of the Abyss.
 54980 | Depths:1 | Noticed Louise
 54992 | Depths:1 | Killed Louise
 55130 | Depths:1 | Received a gift from Trog
 55346 | Depths:1 | Reached skill level 23 in Armour
 55364 | Depths:1 | Reached XP level 22. HP: 187/210 MP: 33/33
 55515 | Depths:1 | Found Wettexaupp's Jewellery Boutique.
 55532 | Depths:1 | Bought an uncursed ring of flight for 280 gold pieces
 55696 | Depths:1 | Found a gateway to Hell.
 56686 | Depths:1 | Received a gift from Trog
 57049 | Depths:2 | Found Uckanil's Weapon Shoppe.
 57300 | Depths:2 | Noticed WereVolvo's ghost (veteran TrAs)
 57332 | Depths:2 | Killed WereVolvo's ghost
 57591 | Depths:2 | Got a translucent jade ring
 57593 | Depths:2 | Identified the ring "Mapt" {SustAt rC+ Stlth+} (You found it on level 2 of the Depths)
 57910 | Depths:2 | Found a one-way gate leading to the halls of Pandemonium.
 58179 | Depths:2 | Received a gift from Trog
 58597 | Depths:2 | Received a gift from Trog
 58921 | Depths:3 | Noticed Boris
 58946 | Depths:3 | Killed Boris
 58949 | Depths:3 | Received a gift from Trog
 59036 | Depths:3 | Got a crude falchion {drain}
 59039 | Depths:3 | Identified the +2 falchion of Pandemonium {drain, +Blink rPois MP+9 Str+2 Int+4} (You took it off a spriggan druid on level 3 of the Depths)
 59064 | Depths:3 | Paralysed by a wasp for 3 turns
 59296 | Depths:3 | Found Quinwuj's Antique Weapon Emporium.
 59853 | Depths:3 | Noticed the Enchantress
 59868 | Depths:3 | Killed the Enchantress
 59909 | Depths:3 | Found a radiant altar of Vehumet.
 59911 | Depths:3 | Got a faerie dragon armour
 59926 | Depths:3 | Identified the +1 faerie dragon armour {rC- rN+++ rCorr Str+3} (You took it off the Enchantress on level 3 of the Depths)
 60298 | Depths:4 | Reached XP level 23. HP: 183/224 MP: 34/34
 60778 | Depths:4 | Noticed Frederick
 60790 | Depths:4 | Killed Frederick
 60946 | Depths:4 | Found a gateway to a ziggurat.
 60999 | Depths:4 | Received a gift from Trog
 61092 | Depths:4 | Noticed Mara
 61138 | Depths:4 | Noticed hannobal's illusion
 61677 | Depths:4 | Noticed hannobal's illusion
 62218 | Depths:4 | Killed Mara
 62709 | Zig:1    | Entered Level 1 of a ziggurat
 62733 | Zig:2    | Entered Level 2 of a ziggurat
 62785 | Zig:3    | Entered Level 3 of a ziggurat
 62871 | Zig:4    | Entered Level 4 of a ziggurat
 62954 | Zig:5    | Entered Level 5 of a ziggurat
 62968 | Zig:5    | Gained mutation: You are dopey. (Int -2) [a shining eye]
 63008 | Zig:5    | Got a pitted ring mail
 63009 | Zig:5    | Identified the cursed +1 ring mail of the Orb Guardian {rC+ Str+3} (You found it on level 5 of a ziggurat)
 63013 | Zig:5    | Got a polished great sword
 63014 | Zig:5    | Identified the +7 great sword "Hutiok" {slice, Dex+4} (You found it on level 5 of a ziggurat)
 63031 | Zig:6    | Entered Level 6 of a ziggurat
 63081 | Zig:6    | Identified a +5 rod of destruction (11/11) (You found it on level 6 of a ziggurat)
 63113 | Zig:6    | Lost mutation: You tend to lose your temper in combat. [potion of cure mutation]
 63113 | Zig:6    | Lost mutation: Your spells are a little harder to cast, but a little more powerful. [potion of cure mutation]
 63113 | Zig:6    | Lost mutation: You are dopey. (Int -2) [potion of cure mutation]
 63123 | Zig:6    | Got a smoking short sword
 63124 | Zig:6    | Identified the +5 short sword "Jutosch" {elec, MR+} (You found it on level 6 of a ziggurat)
 63286 | Depths:5 | Entered Level 5 of the Depths
 63431 | Depths:5 | Received a gift from Trog
 63582 | Depths:5 | Got a coiled bronze ring
 63583 | Depths:5 | Identified the ring of Biaricae {+/*Tele MR+ Dex+2} (You took it off an ogre mage on level 5 of the Depths)
 63713 | Depths:5 | Reached XP level 24. HP: 153/238 MP: 34/34
 63928 | Depths:5 | Noticed a juggernaut
 64067 | Depths:5 | Killed a juggernaut
 64267 | Depths:5 | Found a gate to the Realm of Zot.
 64538 | Depths:2 | Noticed a juggernaut
 64888 | Depths:5 | Identified the Almanac of the Traveller
 65045 | Depths:5 | Received a gift from Trog
 65060 | Depths:5 | Identified the Reference Book on Lucky Flight
 65211 | Depths:5 | Received a gift from Trog
 65894 | Vaults:5 | Entered Level 5 of the Vaults
 66073 | Vaults:4 | Received a gift from Trog
 66818 | Vaults:4 | Received a gift from Trog
 67320 | Vaults:4 | Reached XP level 25. HP: 224/249 MP: 32/32
 67339 | Vaults:4 | Received a gift from Trog
 67606 | Vaults:4 | Received a gift from Trog
 67848 | Vaults:5 | Received a gift from Trog
 68058 | Vaults:5 | Received a gift from Trog
 68067 | Vaults:5 | Got an iridescent triple crossbow
 68068 | Vaults:5 | Identified the +3 triple crossbow "Qaasui" {penet, rC+ rN++ Int+6} (You took it off an ironheart preserver on level 5 of the Vaults)
 68183 | Vaults:5 | Got a shimmering hand crossbow
 68184 | Vaults:5 | Identified the cursed +0 hand crossbow of the Iron City of Dis {freeze, Str-4 Dex+6} (You took it off a vault sentinel on level 5 of the Vaults)
 68299 | Vaults:5 | Reached skill level 24 in Armour
 68994 | Vaults:5 | Noticed an ancient lich
 68997 | Vaults:5 | Got a silver rune of Zot
 69008 | Vaults:5 | Killed an ancient lich
 69447 | Vaults:5 | Got a scintillating golden ring
 69449 | Vaults:5 | Identified the ring "Iczac" {Ice Int+4} (You found it on level 5 of the Vaults)
 69790 | Vaults:5 | Got a jewelled hunting sling
 69791 | Vaults:5 | Identified the +12 hunting sling of Arrival {venom, *Corrode rPois rC+} (You found it on level 5 of the Vaults)
 69835 | Vaults:5 | Got a smelly ring mail
 69836 | Vaults:5 | Identified the cursed +1 ring mail of Grace {rF++ Str+7 Stlth-} (You found it on level 5 of the Vaults)
 69839 | Vaults:5 | Got a crude hand crossbow
 69840 | Vaults:5 | Identified the cursed +0 hand crossbow "Huatoal" {velocity, rF+ Str+4} (You found it on level 5 of the Vaults)
 69959 | Vaults:5 | Got a faintly glowing chain mail
 69979 | Vaults:5 | Identified the cursed +1 chain mail "Bun Utam" {Dex+4} (You took it off a deep elf high priest on level 5 of the Vaults)
 70331 | Zot:1    | Entered Level 1 of the Realm of Zot
 70831 | Zot:1    | Reached skill level 25 in Armour
 71490 | Zot:1    | Reached XP level 26. HP: 248/261 MP: 31/31
 71807 | Zot:2    | Received a gift from Trog
 72766 | Zot:2    | Received a gift from Trog
 73169 | Zot:3    | Received a gift from Trog
 73421 | Zot:3    | Got a bloodstained trident {holy}
 73422 | Zot:3    | Identified the +7 trident of Plunder {holy, *Confuse rF+ Int+8} (You took it off a white draconian on level 3 of the Realm of Zot)
 73517 | Zot:3    | Reached skill level 26 in Armour
 74245 | Depths:2 | Killed a juggernaut
 74898 | Zot:4    | Reached skill level 27 in Armour
 75117 | Zot:4    | Starved to death

Action                   |  1- 3 |  4- 6 |  7- 9 | 10-12 | 13-15 | 16-18 | 19-21 | 22-24 | 25-27 || total
-------------------------+-------+-------+-------+-------+-------+-------+-------+-------+-------++-------
Melee: Mace              |   133 |   166 |   113 |       |     2 |       |       |       |       ||   414
       Lajatang          |       |       |   318 |   764 |  2391 |  1322 |  1894 |  1616 |   725 ||  9030
       Morningstar       |       |       |    54 |       |       |       |       |       |       ||    54
       Quarterstaff      |       |       |       |    19 |       |    13 |       |       |       ||    32
       War axe           |       |       |       |     8 |    38 |       |       |       |       ||    46
       Demon whip        |       |       |       |       |       |   376 |       |       |       ||   376
 Fire: Hunting sling     |       |       |       |     6 |       |       |       |       |       ||     6
       Arbalest          |       |       |       |     2 |       |       |       |       |       ||     2
       Blowgun           |       |       |       |       |       |   158 |    10 |     4 |     7 ||   179
Throw: Stone             |    19 |     2 |     5 |     5 |       |       |       |       |       ||    31
       Javelin           |       |     1 |    17 |    29 |   144 |   166 |   396 |   507 |   384 ||  1644
       Tomahawk          |       |       |     8 |     9 |    49 |       |       |       |       ||    66
       Throwing net      |       |       |     7 |    12 |       |       |       |       |       ||    19
Invok: Trog's Hand       |     2 |     2 |    20 |    41 |    71 |    96 |   106 |   108 |    50 ||   496
       Burn Spellbooks   |       |     1 |     2 |     1 |     5 |     4 |     6 |    10 |     1 ||    30
       Berserk           |       |     1 |     9 |    22 |    33 |    31 |    29 |    28 |    23 ||   176
       Brothers in Arms  |       |       |       |       |     2 |       |     2 |       |       ||     4
 Abil: Evoke Blink       |       |       |       |       |       |       |       |     3 |     1 ||     4
       Device Recharging |       |       |       |       |       |       |       |     2 |     5 ||     7
Evoke: Wand              |       |       |     1 |    35 |    16 |     2 |     6 |    26 |    33 ||   119
       Lamp of fire      |       |       |       |       |     1 |     2 |     4 |     2 |     5 ||    14
       Box of beasts     |       |       |       |       |       |     4 |       |       |       ||     4
       Rod               |       |       |       |       |       |       |     2 |     3 |       ||     5
       Fan of gales      |       |       |       |       |       |       |     1 |     1 |     1 ||     3
  Use: Scroll            |     4 |     5 |    16 |     8 |    18 |    15 |    16 |    21 |    12 ||   115
       Potion            |     4 |     4 |     1 |       |     4 |     7 |     9 |    20 |     1 ||    50
 Stab: Sleeping          |     1 |       |       |       |       |     1 |       |       |       ||     2
       Held in net/web   |       |       |     2 |       |       |       |       |       |       ||     2
       Confused          |       |       |       |       |       |     3 |    15 |    11 |     3 ||    32
       Paralysed         |       |       |       |       |       |     1 |    29 |    20 |     4 ||    54
       Invisible         |       |       |       |       |       |       |     7 |       |       ||     7
       Petrifying        |       |       |       |       |       |       |    10 |    22 |     1 ||    33
       Distracted        |       |       |       |       |       |       |     1 |     1 |     2 ||     4
       Petrified         |       |       |       |       |       |       |       |     2 |       ||     2
  Eat: Chunk             |     3 |     5 |    27 |    40 |    45 |    65 |   111 |    83 |    40 ||   419
       Fruit             |       |       |     2 |     5 |    12 |     7 |       |       |     4 ||    30
       Pizza             |       |       |       |     2 |     3 |     2 |       |       |     1 ||     8
       Bread ration      |       |       |       |     1 |     1 |     2 |       |     1 |     4 ||     9
       Royal jelly       |       |       |       |       |    16 |       |       |       |     1 ||    17
       Beef jerky        |       |       |       |       |     1 |     1 |     1 |       |     3 ||     6
